 Dungeon Crawl Stone Soup version 0.18.1-48-g4cf74bf (webtiles) character file.

41 tyranidshit the Skirmisher (level 3, 0/46 HPs)
             Began as a Demonspawn Abyssal Knight on Sept 11, 2016.
             Was a Follower of Lugonu.
             Slain by a goblin (2 damage)
             ... led by Robin
             ... on level 2 of the Dungeon.
             The game lasted 00:04:06 (1023 turns).

tyranidshit the Skirmisher (DsAK)                   Turns: 1023, Time: 00:04:07

Health: 0/46       AC:  4    Str: 16 (18) XL:     3   Next: 32%
Magic:  4/4        EV: 10    Int: 12 (13) God:    Lugonu [*.....]
Gold:   97         SH:  0    Dex: 15 (17) Spells: 0 memorised, 2 levels left

rFire  . . .     SeeInvis .     e - +3 halberd "Omelette" {venom, *Rage Dex+5}
rCold  . . .     Gourm    .     i - +0 ring mail (curse)
rNeg   . . .     Faith    .     (shield currently unavailable)
rPois  .         Spirit   .     (no helmet)
rElec  .         Dismiss  .     (no cloak)
rCorr  .         Reflect  .     (no gloves)
SustAt .         Harm     .     (no boots)
MR     .....     Rnd*Rage +     (no amulet)
Stlth  ..........               (no ring)
                                (no ring)

@: berserking (expiring), very quick, not resistant to hostile enchantments,
extremely unstealthy
A: thin metallic scales 1, deformed body, subdued magic 2
a: Depart the Abyss, Renounce Religion


You were on level 2 of the Dungeon.
You worshipped Lugonu.
Lugonu was aware of your devotion.
You were not hungry.

You visited 1 branch of the dungeon, and saw 2 of its levels.
You visited the Abyss 2 times.

You collected 97 gold pieces.

Inventory:

Hand Weapons
 a - a +1 hand axe
 c - a +2 dagger of distortion
 e - the +3 halberd "Omelette" (weapon) {venom, *Rage Dex+5}
   (You found it on level 2 of the Abyss)

   It poisons the flesh of those it strikes.
   It affects your dexterity (+5).
   It may make you go berserk in combat.
Armour
 b - a +0 leather armour
 g - a +0 ring mail
 i - a cursed +0 ring mail (worn)
Comestibles
 f - 2 beef jerkies


   Skills:
 + Level 4.4 Fighting
 - Level 1.7 Axes
 - Level 1.7 Armour
 - Level 0.8 Dodging
 - Level 2.4 Invocations


You had 2 spell levels left.
You didn't know any spells.

Dungeon Overview and Level Annotations

Branches:
Dungeon (2/15)

Altars:


Innate Abilities, Weirdness & Mutations

You are partially covered in thin metallic scales (AC +2).
[Armour fits poorly on your strangely shaped body.]
[Your spells are easier to cast, but less powerful.]


Message History

Robin is moderately wounded.
The goblin barely misses you.
Robin roars a battlecry!
The goblin goes into a battle-frenzy!
Robin hits you but does no damage. The goblin closely misses you.
You hit Robin.
Robin is heavily wounded.
The goblin hits you with an uncursed vampiric dagger.
* * * LOW HITPOINT WARNING * * *
The goblin barely misses you. The goblin hits you.
* * * LOW HITPOINT WARNING * * *
The goblin hits you but does no damage. x2; Robin hits you with a mace.
* * * LOW HITPOINT WARNING * * *
You slash Robin!
You kill Robin!
Lugonu accepts your kill.
The goblin hits you with a hunting sling.
* * * LOW HITPOINT WARNING * * *
The goblin hits you but does no damage. The goblin hits you.
You die...

#. #. ##.#
#...## #
###.#... .#
.......##.#
###....g.####.
#...(gg#.>....
.g..#..g@ggr....
? #...gggg....
.......#######.
######.# ..#
.### . #


You could see a hobgoblin, 9 goblins and a rat.

Vanquished Creatures
  Robin (D:2)
  A dart slug (D:1)
  3 hobgoblins (D:2)
  A jackal (D:1)
  A quokka (D:2)
  9 bats (D:1)
  A giant newt (D:1)
  2 goblins
  6 kobolds (D:1)
  5 rats
30 creatures vanquished.

Notes
Turn   | Place    | Note
--------------------------------------------------------------
     0 | Abyss:1  | tyranidshit the Demonspawn Abyssal Knight began the quest for the Orb.
     0 | Abyss:1  | Reached XP level 1. HP: 18/18 MP: 2/2
    20 | Abyss:2  | Found a corrupted altar of Lugonu.
    56 | Abyss:2  | Noticed a basilisk
    57 | Abyss:2  | Noticed a giant orange brain
    66 | Abyss:2  | Got a pitted halberd
    67 | D:1      | Escaped the Abyss
    68 | D:1      | Identified the +3 halberd "Omelette" {venom, *Rage Dex+5} (You found it on level 2 of the Abyss)
   237 | D:1      | Reached * piety under Lugonu
   246 | D:1      | Gained mutation: You are partially covered in thin metallic scales (AC +2). [demonic ancestry]
   246 | D:1      | Reached XP level 2. HP: 5/24 MP: 3/3
   787 | D:1      | Cast into level 1 of the Abyss (kobold)
   787 | Abyss:1  | Found a corrupted altar of Lugonu.
   838 | Abyss:1  | Noticed a wretched star
   839 | D:1      | Escaped the Abyss
   875 | D:1      | Reached skill level 4 in Fighting
  1013 | D:2      | Noticed Robin
  1019 | D:2      | Reached XP level 3. HP: 14/30 MP: 4/4
  1023 | D:2      | Killed Robin
  1023 | D:2      | HP: 2/46 [goblin/hunting sling[Robin] (4)]
  1023 | D:2      | Slain by a goblin

Skill      XL: |  1  2 |
---------------+-------+-----
Fighting       | 4 |  4.4
Axes           | |  1.7
Armour         | |  1.7
Dodging        | |  0.8
Invocations    | |  2.4

Action                   || total
-------------------------++-------
Melee: Halberd           ||    36
       Hand axe          ||    19
       Dagger            ||     8
Invok: Depart the Abyss  ||     2
  Use: Potion            ||     4
       Scroll            ||     3
 Stab: Sleeping          ||     1
  Eat: Bread ration      ||     1
Armor: Ring mail         ||    42
Dodge: Dodged            ||    54
